 Dungeon Crawl Stone Soup version 0.26-a0-1021-gda264ca44c (webtiles) character file.

Game seed: 17344101728704239454

114 sokol815 the Skirmisher (level 4, 0/37 HPs)
             Began as a Demonspawn Fighter on Dec 9, 2020.
             Was a Follower of Cheibriados.
             Succumbed to an adder's poison
             ... on level 3 of the Dungeon.
             The game lasted 00:04:26 (2604 turns).

sokol815 the Skirmisher (Demonspawn Fighter)        Turns: 2604, Time: 00:04:27

Health: 0/37       AC:  6    Str: 19    XL:     4   Next: 66%
Magic:  1/4        EV:  5    Int: 12    God:    Cheibriados [*.....]
Gold:   116        SH: 13    Dex: 17    Spells: 3/3 levels left

rFire    . . .     SeeInvis .   a - +0 war axe
rCold    . . .     Faith    .   h - +0 tower shield
rNeg     . . .     Spirit   +   b - +0 scale mail
rPois    .         Reflect  .   (no helmet)
rElec    .         Harm     .   (no cloak)
rCorr    .         Rampage  .   (no gloves)
Will     .....                  (no boots)
Stlth    ..........             (no amulet)
HPRegen  0.12/turn              (no ring)
MPRegen  0.09/turn              (no ring)

@: lethally poisoned (0 -> -2), flying, very slow
A: demonic guardian 1, magic shield
a: Bend Time, Renounce Religion


You were on level 3 of the Dungeon.
You worshipped Cheibriados.
Cheibriados was aware of your devotion.
You visited 1 branch of the dungeon, and saw 3 of its levels.

You collected 116 gold pieces.

Inventory:

Hand Weapons
 a - a +0 war axe (weapon)
 m - a +0 hunting sling
Missiles
 e - 64 bolts
 f - 6 javelins (quivered)
 l - 57 sling bullets
 n - 65 stones
Armour
 b - a +0 scale mail (worn)
 c - a +0 kite shield
 h - a +0 tower shield (worn)
 r - a +0 cloak
Scrolls
 g - 5 scrolls of identify {unknown}
 i - a scroll of noise {unknown}
 j - a scroll of teleportation {unknown}
 k - a scroll of immolation {unknown}
 o - a scroll of random uselessness {unknown}
 p - 2 scrolls of remove curse {unknown}
Potions
 d - a potion of might


   Skills:
 + Level 3.8 Fighting
 * Level 3.3 Axes
 + Level 1.7 Throwing
 - Level 2.6 Armour
 - Level 2.6 Shields


You had 3 spell levels left.
You didn't know any spells.
Your spell library was empty.

Dungeon Overview and Level Annotations

Branches:
Dungeon (3/15)

Altars:
Cheibriados


Innate Abilities, Weirdness & Mutations

A weak demonic guardian rushes to your aid.
When hurt, damage is shared between your health and your magic reserves.


Message History

You kill the adder!
Cheibriados thoroughly appreciates the change of pace.
It was a potion of flight.
You feel very buoyant.
You fly up into the air.
* * * LOW HITPOINT WARNING * * *
You feel sick.
* * * LOW HITPOINT WARNING * * *
You feel sick.
Things that are here:
a +0 dagger; a goblin corpse
* * * LOW HITPOINT WARNING * * *
You feel sick. The flow of time bends around you.
There is a lethal amount of poison in your body!
You see here an adder corpse.
* * * LOW HITPOINT WARNING * * *
You feel sick.
You see here 16 gold pieces.
You die...

#<.......####.###
####..##.##.).#
#..##.##.#.#
#..##.##)#...
#..##.##.###.#
#..##.##.# .#
#..##.##†# #
#..##.##.#
.##########....@..$#
.......<........####
############.####
#... #####


There were no monsters in sight!

Vanquished Creatures
  5 adders
  2 worms
  A dart slug (D:1)
  4 leopard geckos
  4 bats
  3 giant cockroaches
  11 goblins
  4 hobgoblins
  7 jackals
  2 frilled lizards
  4 kobolds
  7 rats
54 creatures vanquished.

Notes
Turn   | Place    | Note
-------+----------+-------------------------------------------
     0 | D:1      | sokol815 the Demonspawn Fighter began the quest for the
                  | Orb.
     0 | D:1      | Reached XP level 1. HP: 18/18 MP: 1/1
   230 | D:1      | Gained mutation: A weak demonic guardian rushes to your
                  | aid. [demonic ancestry]
   230 | D:1      | Reached XP level 2. HP: 14/24 MP: 2/2
  1039 | D:2      | Reached skill level 1 in Throwing
  1100 | D:2      | Reached XP level 3. HP: 26/29 MP: 3/3
  1811 | D:2      | Found a faded altar of an unknown god.
  1855 | D:2      | Became a worshipper of Cheibriados the Contemplative
  1855 | D:2      | Reached * piety under Cheibriados
  1892 | D:2      | Gained mutation: When hurt, damage is shared between your
                  | health and your magic reserves. [demonic ancestry]
  1892 | D:2      | Reached XP level 4. HP: 29/36 MP: 4/4
  2597 | D:3      | HP: 1/37 [poisoned by an adder]
  2604 | D:3      | Succumbed to an adder's poison

Illustrated notes

Levels and vault maps discovered:
D:1:      dpeg_arrival_refuge, layout_basic, kennysheep_crisscross
D:2:      layout_basic, chequers_ecumenical_altar_island
D:3:      layout_loops_ring

Skill      XL: |  1  2  3 |
---------------+----------+-----
Axes           | 2 3 |  3.3
Throwing       | 1 |  1.7
Fighting       | |  3.8
Armour         | |  2.6
Shields        | |  2.6

Action                   |  1- 3 |  4- 6 || total
-------------------------+-------+-------++-------
Melee: War axe           |   120 |    66 ||   186
Invok: Bend Time         |       |     1 ||     1
  Use: Potion            |       |     1 ||     1
Armor: Scale mail        |    58 |    20 ||    78
Dodge: Dodged            |    19 |    14 ||    33
Block: Kite shield       |    11 |       ||    11
       Tower shield      |    78 |    64 ||   142

Table legend: (Time is in decaauts)
 A = Elapsed time spent in this place.
 B = Non-inter-level travel time spent in this place.
 C = Inter-level travel time spent in this place.
 D = Time resting spent in this place.
 E = Time spent auto-exploring this place.
 F = Levels seen in this place.
 G = Mean time per level.
                   A        B        C        D        E       F      G
               +--------+--------+--------+--------+--------+-----+--------+
         Total |   2891 |   2759 |    132 |    520 |   1736 |   3 |  963.7 |
       Dungeon |   2891 |   2759 |    132 |    520 |   1736 |   3 |  963.7 |
               +--------+--------+--------+--------+--------+-----+--------+

Top non-repeatable levels by time:
     D:2: 1659 daAuts
     D:1: 1021 daAuts
     D:3: 211 daAuts
